Dernière mise à jour: 2025-12-07 16:11:59
% Time on Ice - LOS ANGELES SEALS
Lines # - Real PCT - Wanted PCT - Time Play
Normal Forward
1 - 34% - 36% - 15:34
2 - 31% - 31% - 14:07
3 - 24% - 23% - 10:44
4 - 11% - 10% - 5:11
Normal Defense
1 - 35% - 36% - 15:55
2 - 32% - 31% - 14:47
3 - 28% - 23% - 12:58
4 - 4% - 10% - 1:56
PP Forward
1 - 64% - 55% - 5:05
2 - 36% - 45% - 2:51
PP Defense
1 - 66% - 55% - 5:16
2 - 34% - 45% - 2:40
PK Forward
1 - 68% - 55% - 2:43
2 - 32% - 45% - 1:15
PK Defense
1 - 47% - 55% - 1:53
2 - 53% - 45% - 2:05
PK3 Forward
1 - 0% - 55%
2 - 0% - 45%
PK3 Defense
1 - 0% - 55%
2 - 0% - 45%
44 Forward
1 - 75% - 55% - 1:29
2 - 25% - 45% - 0:30
44 Defense
1 - 75% - 55% - 1:29
2 - 25% - 45% - 0:30
Last Minute Offensive  - 0:00
Last Minute Defensive  - 0:31
Total
Forward - 60:00
Defense - 60:00
% Time on Ice - CALGARY FIREMEN
Lines # - Real PCT - Wanted PCT - Time Play
Normal Forward
1 - 31% - 34% - 14:07
2 - 29% - 32% - 13:27
3 - 28% - 25% - 12:44
4 - 13% - 9% - 5:49
Normal Defense
1 - 33% - 34% - 15:07
2 - 32% - 32% - 14:39
3 - 32% - 25% - 14:50
4 - 3% - 9% - 1:31
PP Forward
1 - 45% - 55% - 1:47
2 - 55% - 45% - 2:11
PP Defense
1 - 45% - 55% - 1:47
2 - 55% - 45% - 2:11
PK Forward
1 - 63% - 55% - 4:59
2 - 37% - 45% - 2:57
PK Defense
1 - 39% - 55% - 3:04
2 - 61% - 45% - 4:52
PK3 Forward
1 - 0% - 55%
2 - 0% - 45%
PK3 Defense
1 - 0% - 55%
2 - 0% - 45%
44 Forward
1 - 62% - 55% - 1:14
2 - 38% - 45% - 0:45
44 Defense
1 - 68% - 55% - 1:21
2 - 32% - 45% - 0:38
Last Minute Offensive  - 0:00
Last Minute Defensive  - 0:00
Total
Forward - 60:00
Defense - 60:00
Play-by-Play 1st period 0:01 of 1st period - Steven Stamkos wins face-off versus Filip Forsberg in neutral zone. 0:01 of 1st period - Steven Stamkos is hit by Mason Marchment. 0:18 of 1st period - Shot by Steven Stamkos. 0:18 of 1st period - Shot Blocked by Rasmus Sandin. 0:20 of 1st period - Shot by Noah Dobson. 0:20 of 1st period - Stopped by Marc-Andre Fleury with a rebound. 0:22 of 1st period - Shot by Tom Wilson. 0:22 of 1st period - Shot Misses the Net. 0:52 of 1st period - Icing by Gustav Forsling. 0:53 of 1st period - Steven Stamkos wins face-off versus Calle Jarnkrok in LOS ANGELES SEALS zone. 1:00 of 1st period - Fabian Zetterlund is hit by Tom Wilson and loses puck. 2:05 of 1st period - Off-side. 2:06 of 1st period - Mason McTavish wins face-off versus Ryan Johansen in neutral zone. 2:11 of 1st period - Shot by Mason McTavish. 2:11 of 1st period - Shot Blocked by Darren Raddysh. 2:31 of 1st period - Shot by Mason McTavish. 2:31 of 1st period - Shot Blocked by Darren Raddysh. 2:33 of 1st period - Shot by Mason McTavish. 2:33 of 1st period - Stopped by Marc-Andre Fleury without a rebound. 2:34 of 1st period - Brett Howden wins face-off versus Marco Rossi in CALGARY FIREMEN zone. 2:59 of 1st period - Shot by Marco Rossi. 2:59 of 1st period - Goal by Marco Rossi - LOS ANGELES SEALS : 1 - CALGARY FIREMEN : 0. 3:00 of 1st period - Andrew Copp wins face-off versus Mason McTavish in neutral zone. 3:00 of 1st period - Mason Marchment is hit by Nick Foligno and loses puck. 3:24 of 1st period - Off-side. 3:25 of 1st period - Mikael Backlund wins face-off versus Ryan Johansen in neutral zone. 4:32 of 1st period - Matthew Boldy is hit by Darren Raddysh and loses puck. 4:39 of 1st period - Shot by Tom Wilson. 4:39 of 1st period - Shot Blocked by Andrew Copp. 4:43 of 1st period - Shot by Tom Wilson. 4:43 of 1st period - Stopped by Marc-Andre Fleury with a rebound. 4:45 of 1st period - Shot by Steven Stamkos. 4:45 of 1st period - Shot Misses the Net. 4:47 of 1st period - Shot by Noah Dobson. 4:47 of 1st period - Shot Misses the Net. 5:25 of 1st period - Shot by Nick Foligno. 5:25 of 1st period - Shot Misses the Net. 5:27 of 1st period - Shot by Nick Foligno. 5:27 of 1st period - Deflect By Mason McTavish. 5:27 of 1st period - Shot Misses the Net. 5:29 of 1st period - Shot by Brandon Montour. 5:29 of 1st period - Stopped by Marc-Andre Fleury without a rebound. 5:30 of 1st period - Jack Drury wins face-off versus Marco Rossi in CALGARY FIREMEN zone. 5:45 of 1st period - Shot by Fabian Zetterlund. 5:45 of 1st period - Deflect By Calle Jarnkrok. 5:45 of 1st period - Shot Blocked by Brandon Montour. 6:09 of 1st period - Shot by Calle Jarnkrok. 6:09 of 1st period - Stopped by Jeremy Swayman without a rebound. 6:10 of 1st period - Mikael Backlund wins face-off versus Brett Howden in LOS ANGELES SEALS zone. 6:25 of 1st period - Shot by Mark Stone. 6:25 of 1st period - Stopped by Marc-Andre Fleury with a rebound. 6:27 of 1st period - Shot by Mark Stone. 6:27 of 1st period - Shot Misses the Net. 6:29 of 1st period - Shot by Brandon Carlo. 6:29 of 1st period - Stopped by Marc-Andre Fleury with a rebound. 6:31 of 1st period - Shot by Claude Giroux. 6:31 of 1st period - Stopped by Marc-Andre Fleury without a rebound. 6:32 of 1st period - Ryan Johansen wins face-off versus Anthony Duclair in CALGARY FIREMEN zone. 7:12 of 1st period - Off-side. 7:13 of 1st period - Mikael Backlund wins face-off versus Jack Drury in neutral zone. 7:39 of 1st period - Shot by Claude Giroux. 7:39 of 1st period - Shot Misses the Net. 7:41 of 1st period - Shot by Erik Gudbranson. 7:41 of 1st period - Stopped by Marc-Andre Fleury without a rebound. 7:42 of 1st period - Andrew Copp wins face-off versus Steven Stamkos in CALGARY FIREMEN zone. 8:01 of 1st period - Shot by Mason Marchment. 8:01 of 1st period - Stopped by Jeremy Swayman without a rebound. 8:02 of 1st period - Mikael Backlund wins face-off versus Brett Howden in LOS ANGELES SEALS zone. 8:02 of 1st period - Mikael Backlund is hit by Brett Howden. 8:20 of 1st period - Shot by Mikael Backlund. 8:20 of 1st period - Shot Blocked by Jake McCabe. 8:22 of 1st period - Shot by Gustav Forsling. 8:22 of 1st period - Stopped by Marc-Andre Fleury with a rebound. 8:40 of 1st period - Shot by Mark Stone. 8:40 of 1st period - Shot Blocked by Jake McCabe. 9:27 of 1st period - Icing by Erik Gudbranson. 9:28 of 1st period - Andrew Copp wins face-off versus Steven Stamkos in LOS ANGELES SEALS zone. 9:32 of 1st period - Icing by Brandon Montour. 9:33 of 1st period - Steven Stamkos wins face-off versus Andrew Copp in LOS ANGELES SEALS zone. 9:33 of 1st period - Steven Stamkos is hit by Mason Marchment. 9:43 of 1st period - Shot by Tom Wilson. 9:43 of 1st period - Shot Misses the Net. 9:58 of 1st period - Tom Wilson is hit by Martin Fehervary and loses puck. 10:02 of 1st period - Icing by Jared Spurgeon. 10:03 of 1st period - Andrew Copp wins face-off versus Mason McTavish in CALGARY FIREMEN zone. 10:03 of 1st period - Andrew Copp is hit by Nick Foligno. 10:13 of 1st period - Shot by Filip Forsberg. 10:13 of 1st period - Shot Misses the Net. 10:15 of 1st period - Shot by Mason Marchment. 10:15 of 1st period - Deflect By Filip Forsberg. 10:15 of 1st period - Stopped by Jeremy Swayman without a rebound. 10:16 of 1st period - Jack Drury wins face-off versus Marco Rossi in LOS ANGELES SEALS zone. 10:26 of 1st period - Shot by Fabian Zetterlund. 10:26 of 1st period - Stopped by Jeremy Swayman without a rebound. 10:27 of 1st period - Mason McTavish wins face-off versus Ryan Johansen in LOS ANGELES SEALS zone. 10:32 of 1st period - Shot by Nick Foligno. 10:32 of 1st period - Shot Blocked by Isac Lundestrom. 11:34 of 1st period - Off-side. 11:35 of 1st period - Jack Drury wins face-off versus Mikael Backlund in neutral zone. 11:38 of 1st period - Shot by Fabian Zetterlund. 11:38 of 1st period - Stopped by Jeremy Swayman without a rebound. 11:39 of 1st period - Mikael Backlund wins face-off versus Jack Drury in LOS ANGELES SEALS zone. 12:10 of 1st period - Shot by Mikael Backlund. 12:10 of 1st period - Goal by Mikael Backlund - LOS ANGELES SEALS : 2 - CALGARY FIREMEN : 0. 12:11 of 1st period - Steven Stamkos wins face-off versus Andrew Copp in neutral zone. 12:13 of 1st period - Minor Penalty to Martin Fehervary for Holding. 12:14 of 1st period - Michael McCarron wins face-off versus Mason McTavish in CALGARY FIREMEN zone. 12:39 of 1st period - Shot by Tom Wilson. 12:39 of 1st period - Stopped by Marc-Andre Fleury with a rebound. 12:41 of 1st period - Shot by Noah Dobson. 12:41 of 1st period - Shot Misses the Net. 12:43 of 1st period - Shot by Mason McTavish. 12:43 of 1st period - Stopped by Marc-Andre Fleury with a rebound. 12:49 of 1st period - Shot by Noah Dobson. 12:49 of 1st period - Shot Misses the Net. 12:51 of 1st period - Shot by Brandon Montour. 12:51 of 1st period - Shot Misses the Net. 12:53 of 1st period - Shot by Noah Dobson. 12:53 of 1st period - Stopped by Marc-Andre Fleury without a rebound. 12:54 of 1st period - Isac Lundestrom wins face-off versus Claude Giroux in CALGARY FIREMEN zone. 13:15 of 1st period - Shot by Matthew Boldy. 13:15 of 1st period - Shot Misses the Net. 13:21 of 1st period - Shot by Matthew Boldy. 13:21 of 1st period - Deflect By Mark Stone. 13:21 of 1st period - Shot Misses the Net. 13:23 of 1st period - Shot by Mark Stone. 13:23 of 1st period - Shot Blocked by Darren Raddysh. 13:25 of 1st period - Shot by Claude Giroux. 13:25 of 1st period - Shot Blocked by Rasmus Sandin. 13:27 of 1st period - Shot by Matthew Boldy. 13:27 of 1st period - Shot Blocked by Darren Raddysh. 13:29 of 1st period - Shot by Gustav Forsling. 13:29 of 1st period - Stopped by Marc-Andre Fleury with a rebound. 13:31 of 1st period - Shot by Gustav Forsling. 13:31 of 1st period - Shot Misses the Net. 14:19 of 1st period - Brandon Carlo is hit by Martin Fehervary and loses puck. 14:27 of 1st period - Minor Penalty to Cole Smith for Roughing. 14:28 of 1st period - Andrew Copp wins face-off versus Nick Foligno in LOS ANGELES SEALS zone. 14:29 of 1st period - Shot by Filip Forsberg. 14:29 of 1st period - Stopped by Jeremy Swayman without a rebound. 14:30 of 1st period - Mikael Backlund wins face-off versus Andrew Copp in LOS ANGELES SEALS zone. 15:03 of 1st period - Shot by Fabian Zetterlund. 15:03 of 1st period - Deflect By Filip Forsberg. 15:03 of 1st period - Shot Blocked by Gustav Forsling. 17:02 of 1st period - Marco Rossi is hit by Ryan Graves and loses puck. 17:37 of 1st period - Shot by Steven Stamkos. 17:37 of 1st period - Shot Misses the Net. 18:15 of 1st period - Icing by Claude Giroux. 18:16 of 1st period - Andrew Copp wins face-off versus Mikael Backlund in LOS ANGELES SEALS zone. 18:37 of 1st period - Shot by Andrew Copp. 18:37 of 1st period - Stopped by Jeremy Swayman without a rebound. 18:38 of 1st period - Mason McTavish wins face-off versus Jack Drury in LOS ANGELES SEALS zone. 18:43 of 1st period - Shot by Nick Foligno. 18:43 of 1st period - Stopped by Marc-Andre Fleury with a rebound. 19:04 of 1st period - Nick Foligno is hit by Martin Fehervary and loses puck. 19:15 of 1st period - Shot by Mason McTavish. 19:15 of 1st period - Stopped by Marc-Andre Fleury without a rebound. 19:16 of 1st period - Andrew Copp wins face-off versus Steven Stamkos in CALGARY FIREMEN zone. 19:27 of 1st period - Icing by Gustav Forsling. 19:28 of 1st period - Steven Stamkos wins face-off versus Ryan Johansen in LOS ANGELES SEALS zone. 19:28 of 1st period - Steven Stamkos is hit by Michael McCarron. 19:33 of 1st period - Minor Penalty to Michael McCarron for Tripping. 19:34 of 1st period - Ryan Johansen wins face-off versus Claude Giroux in CALGARY FIREMEN zone. Goals for this period are 2 for LOS ANGELES SEALS vs 0 for CALGARY FIREMEN. Shots for this period are 17 for LOS ANGELES SEALS vs 7 for CALGARY FIREMEN. 2nd period 0:01 of 2nd period - Mark Stone wins face-off versus Ryan Johansen in neutral zone. 0:05 of 2nd period - Shot by Noah Dobson. 0:05 of 2nd period - Stopped by Marc-Andre Fleury with a rebound. 0:07 of 2nd period - Shot by Noah Dobson. 0:07 of 2nd period - Stopped by Marc-Andre Fleury without a rebound. 0:08 of 2nd period - Ryan Johansen wins face-off versus Mark Stone in CALGARY FIREMEN zone. 0:35 of 2nd period - Shot by Mark Stone. 0:35 of 2nd period - Deflect By Claude Giroux. 0:35 of 2nd period - Shot Misses the Net. 0:37 of 2nd period - Shot by Noah Dobson. 0:37 of 2nd period - Stopped by Marc-Andre Fleury with a rebound. 1:41 of 2nd period - Shot by Cole Smith. 1:41 of 2nd period - Shot Blocked by Jake McCabe. 1:53 of 2nd period - Shot by Philip Tomasino. 1:53 of 2nd period - Shot Blocked by Rasmus Sandin. 2:00 of 2nd period - Icing by Andrew Copp. 2:01 of 2nd period - Andrew Copp wins face-off versus Mason McTavish in CALGARY FIREMEN zone. 2:20 of 2nd period - Shot by Filip Forsberg. 2:20 of 2nd period - Deflect By Mason Marchment. 2:20 of 2nd period - Stopped by Jeremy Swayman without a rebound. 2:21 of 2nd period - Ryan Johansen wins face-off versus Steven Stamkos in LOS ANGELES SEALS zone. 2:23 of 2nd period - Isac Lundestrom is hit by Noah Dobson and loses puck. 3:03 of 2nd period - Shot by Michael McCarron. 3:03 of 2nd period - Stopped by Jeremy Swayman without a rebound. 3:04 of 2nd period - Jack Drury wins face-off versus Mikael Backlund in LOS ANGELES SEALS zone. 3:27 of 2nd period - Shot by Mark Stone. 3:27 of 2nd period - Stopped by Marc-Andre Fleury without a rebound. 3:28 of 2nd period - Andrew Copp wins face-off versus Mason McTavish in CALGARY FIREMEN zone. 3:44 of 2nd period - Jake McCabe is hit by Nick Foligno and loses puck. 4:02 of 2nd period - Anthony Duclair is hit by Jake McCabe and loses puck. 4:26 of 2nd period - Jake McCabe is hit by Tom Wilson and loses puck. 5:41 of 2nd period - Shot by Mark Stone. 5:41 of 2nd period - Shot Misses the Net. 6:42 of 2nd period - Icing by Brandon Carlo.